 Dungeon Crawl Stone Soup version 0.27.0-1-g7a089689b8 (webtiles) character file.

Game seed: 15776260162146989299

37 Sin92 the Skirmisher (level 3, -4/29 HPs)
             Began as a Demonspawn Fighter on Aug 1, 2021.
             Killed by divine providence
             ... invoked by an orc priest
              (14 damage)
             ... on level 2 of the Dungeon.
             The game lasted 00:02:00 (1236 turns).

Sin92 the Skirmisher (Demonspawn Fighter)           Turns: 1236, Time: 00:02:01

Health: -4/29      AC:  8    Str: 17    XL:     3   Next: 23%
Magic:  3/3        EV:  7    Int:  9    God:
Gold:   35         SH:  8    Dex: 12    Spells: 2/2 levels left

rFire    . . .     SeeInvis .   a - +0 war axe
rCold    . . .     Faith    .   c - +0 kite shield
rNeg     . . .     Spirit   .   b - +0 scale mail
rPois    .         Reflect  .   (no helmet)
rElec    .         Harm     .   (no cloak)
rCorr    .         Rampage  .   (no gloves)
Will     .....                  (no boots)
Stlth    ..........             (no amulet)
HPRegen  0.09/turn              h - ring of flight
MPRegen  0.08/turn              (no ring)

@: flying
A: molten scales 1, powered by death 1
a: no special abilities


You were on level 2 of the Dungeon.
You visited 1 branch of the dungeon, and saw 2 of its levels.

You collected 35 gold pieces.

Inventory:

Hand Weapons
 a - a +0 war axe (weapon)
Armour
 b - a +0 scale mail (worn)
 c - a +0 kite shield (worn)
Jewellery
 h - a ring of flight (left hand)
Scrolls
 f - a scroll of teleportation
 g - 2 scrolls of identify
Potions
 d - a potion of might
 e - a potion of berserk rage


   Skills:
 + Level 3.2 Fighting
 * Level 2.4 Axes
 + Level 3.0 Armour
 + Level 0.7 Dodging
 + Level 2.9 Shields


You had 2 spell levels left.
You didn't know any spells.
Your spell library was empty.

Dungeon Overview and Level Annotations

Branches:
Dungeon (2/15)

Altars:


Innate Abilities, Weirdness & Mutations

You are partially covered in molten scales. (AC +2)
You regenerate a little health from kills.


Message History

The orc moves out of view.
Unknown command.
There are monsters nearby!
The orc priest barely misses you. The orc hits you but does no damage.
Unknown command.
There are monsters nearby!
You slash the orc priest!
The orc priest is heavily wounded.
You slash the orc!
You kill the orc!
The orc priest hits you but does no damage.
The orc priest invokes the aid of Beogh against you.
Beogh smites you!
Ouch! That really hurt!
There are monsters nearby!
You are too injured to fight recklessly!
You are too injured to fight recklessly!
Unknown command.
There are monsters nearby!
You are too injured to fight recklessly!
Your shield and scale mail prevent you from hitting the orc.
The orc hits you but does no damage.
You hit the orc priest.
The orc priest is severely wounded.
You hit the orc. You block the orc priest's attack. The orc closely misses you.
The orc priest calls upon Beogh to heal the orc.
The orc is healed somewhat.
You barely miss the orc priest.
The orc priest is severely wounded.
You barely miss the orc. The orc hits you with a +0 flail.
The orc priest hits you with a +0 war axe.
The orc barely misses you.
The orc priest calls upon Beogh to heal the orc.
The orc's wounds heal themselves!
You barely miss the orc priest.
The orc priest is severely wounded.
You hit the orc. The orc hits you but does no damage.
The orc priest mumbles some strange prayers to Beogh against you.
Beogh smites you!
You die...

#### #...##
##.....##
##.......#
###.........
...........
#.........
#oo).....#
#@#......#
#.##...#.#
#.###.##.#
#.....##.#
#..#####.###
#..#.......#
#..#.)##.#.#
#........#.#######
+.................


You could see an orc priest and an orc.

Vanquished Creatures
  A dart slug (D:1)
  An orc (D:2)
  4 bats (D:1)
  A giant cockroach (D:1)
  2 goblins (D:1)
  5 hobgoblins (D:1)
  3 jackals (D:1)
  4 kobolds
  3 quokkas (D:1)
  A ball python (D:1)
  2 frilled lizards (D:1)
  3 rats (D:1)
30 creatures vanquished.

Notes
Turn   | Place    | Note
-------+----------+-------------------------------------------
     0 | D:1      | Sin92 the Demonspawn Fighter began the quest for the Orb.
     0 | D:1      | Reached XP level 1. HP: 18/18 MP: 1/1
   540 | D:1      | Gained mutation: You are partially covered in molten
                  | scales. (AC +2) [demonic ancestry]
   540 | D:1      | Reached XP level 2. HP: 24/24 MP: 2/2
  1042 | D:1      | Gained mutation: You regenerate a little health from kills.
                  | [demonic ancestry]
  1042 | D:1      | Reached XP level 3. HP: 24/29 MP: 3/3
  1236 | D:2      | Killed from afar by an orc priest

Illustrated notes

Levels and vault maps discovered:
D:1:      minmay_arrival_loop, layout_basic
D:2:      layout_loops_corners, shapermc_ecumenical_altar_gd,
          uniq_crazy_yiuf_cottage

Skill      XL: |  1  2  3 |
---------------+----------+-----
Axes           | 2 |  2.4
Armour         | 3 |  3.0
Fighting       | |  3.2
Dodging        | |  0.7
Shields        | |  2.9

Action                   || total
-------------------------++-------
Melee: War axe           ||   113
  Use: Scroll            ||     2
Armor: Scale mail        ||    74
Dodge: Dodged            ||    46
Block: Kite shield       ||    74
